 Dungeon Crawl Stone Soup version 0.28-a0-724-g66f9036eb4 (webtiles) character file.

Game seed: 3184533986280386635

148 KoroneIsBestGirl the Skirmisher (level 5, -5/55 HPs)
             Began as an Ogre Fighter on Oct 26, 2021.
             Slain by Crazy Yiuf (14 damage)
             ... on level 2 of the Dungeon.
             The game lasted 00:01:33 (2739 turns).

KoroneIsBestGirl the Skirmisher (Ogre Fighter)      Turns: 2739, Time: 00:01:33

Health: -5/55      AC:  3    Str: 21    XL:     5   Next: 30%
Magic:  5/5        EV:  8    Int:  9    God:
Gold:   88         SH:  7    Dex:  8    Spells: 4/4 levels left

rFire   . . .      SeeInvis .   a - +0 trident
rCold   . . .      Faith    .   c - +0 kite shield
rNeg    . . .      Spirit   .   b - +0 robe
rPois   .          Reflect  .   (helmet restricted)
rElec   .          Harm     .   (no cloak)
rCorr   .          Rampage  .   (gloves unavailable)
Will    .....                   (boots unavailable)
Stlth   +.........              (no amulet)
HPRegen 0.18/turn               (no ring)
MPRegen 0.09/turn               (no ring)

@: no status effects
A: large, unfitting armour, tough skin 1
a: no special abilities


You were on level 2 of the Dungeon.
You visited 1 branch of the dungeon, and saw 2 of its levels.

You collected 88 gold pieces.

Inventory:

Hand Weapons
 a - a +0 trident (weapon)
Missiles
 g - 3 large rocks (quivered)
Armour
 b - a +0 robe (worn)
 c - a +0 kite shield (worn)
Jewellery
 i - an amulet of magic regeneration
Scrolls
 e - 2 scrolls of identify {unknown}
 f - 2 scrolls of blinking {unknown}
 h - a scroll of amnesia {unknown}
 j - a scroll of enchant weapon {unknown}
 m - a scroll of immolation {unknown}
Potions
 d - a potion of might
 k - a potion of resistance {unknown}
 l - a potion of attraction {unknown}


   Skills:
 + Level 4.8 Fighting
 + Level 2.7 Polearms
 * Level 2.4 Throwing
 + Level 3.2 Dodging
 + Level 3.3 Shields


You had 4 spell levels left.
You didn't know any spells.
Your spell library was empty.

Dungeon Overview and Level Annotations

Branches:
Dungeon (2/15)

Altars:

Annotations:
D:2 Crazy Yiuf


Innate Abilities, Weirdness & Mutations

You are too large for most types of armour.
You have tough skin. (AC +1)


Message History

Crazy Yiuf hits you with a +4 quarterstaff of chaos.
Crazy Yiuf burns you.
You hit Crazy Yiuf.
Crazy Yiuf is severely wounded.
Crazy Yiuf cries, "Ghoul wrapper turtle!"
You block Crazy Yiuf's attack.
Crazy Yiuf hits you with a +4 quarterstaff of chaos!
You resist with some effort.
You barely miss Crazy Yiuf.
Crazy Yiuf is severely wounded.
Crazy Yiuf whimpers, "Mugger!
Citrus foot sallow."
Crazy Yiuf hits you with a +4 quarterstaff of chaos!
Crazy Yiuf freezes you.
You are too injured to fight recklessly!
You are too injured to fight recklessly!
You are too injured to fight recklessly!
You are too injured to fight recklessly!
You are too injured to fight recklessly!
You are too injured to fight recklessly!
You are too injured to fight recklessly!
You are too injured to fight recklessly!
You are too injured to fight recklessly!
You are too injured to fight recklessly!
You are too injured to fight recklessly!
You are too injured to fight recklessly!
You are too injured to fight recklessly!
You are too injured to fight recklessly!
You are too injured to fight recklessly!
You are too injured to fight recklessly!
You are too injured to fight recklessly!
You are too injured to fight recklessly!
You hit Crazy Yiuf but do no damage.
Crazy Yiuf is severely wounded.
You block Crazy Yiuf's attack.
You closely miss Crazy Yiuf.
Crazy Yiuf is severely wounded.
Crazy Yiuf hits you with a +4 quarterstaff of chaos!
* * * LOW HITPOINT WARNING * * *
Crazy Yiuf hits you with a +4 quarterstaff of chaos!
You die...

.#.########....#
######......
...........#####
#...........
.#.#########
######......
.#.# #####
####... ##.#
#..)# #...
.#.##### #...#
#... .......#
... #...
##.###.# #g#
#... .#.# #.#
♣♣@♣ #... ##.#
#.# ♣.♣♣ #...
##.# #.## ♣♣.♣
#... ##.# #..#
♣.♣♣ #... ##.#
##.# ♣♣.♣♣ #...
##.####.####
♣.P.♣♣ #######
##.........#
♣P.PP♣ #......
#######..#.#
#....# #...... #
#.....####..###
#......


You could see Crazy Yiuf.

Vanquished Creatures
  Natasha (thrice) (D:2)
  3 adders (D:2)
  A dart slug (D:2)
  4 bats
  6 endoplasms
  3 giant cockroaches (D:1)
  5 goblins
  3 quokkas
  8 ball pythons
  3 kobolds
  4 rats
43 creatures vanquished.

Notes
Turn   | Place    | Note
-------+----------+-------------------------------------------
     0 | D:1      | KoroneIsBestGirl the Ogre Fighter began the quest for the
                  | Orb.
     0 | D:1      | Reached XP level 1. HP: 24/24 MP: 1/1
   145 | D:1      | Reached XP level 2. HP: 28/32 MP: 2/2
   764 | D:1      | Reached XP level 3. HP: 31/39 MP: 3/3
   908 | D:2      | Reached skill level 1 in Throwing
  1525 | D:2      | Noticed Natasha
  1531 | D:2      | Killed Natasha
  1532 | D:2      | Reached XP level 4. HP: 30/49 MP: 4/4
  2069 | D:2      | Found a faded altar of an unknown god.
  2293 | D:2      | Found a runed translucent door.
  2294 | D:2      | Noticed Crazy Yiuf
  2525 | D:2      | Noticed Natasha
  2531 | D:2      | Killed Natasha
  2532 | D:2      | Reached XP level 5. HP: 40/55 MP: 5/5
  2645 | D:2      | Noticed Natasha
  2654 | D:2      | Killed Natasha
  2739 | D:2      | Slain by Crazy Yiuf

Illustrated notes

Levels and vault maps discovered:
D:1:      dpeg_arrival_connections, layout_basic, minmay_misc_feat_iff
D:2:      layout_basic, shapermc_ecumenical_altar_petra, uniq_natasha,
          uniq_crazy_yiuf_cottage

Skill      XL: |  1  2  3  4 |
---------------+-------------+-----
Throwing       | 1 2 |  2.4
Dodging        | 3 |  3.2
Shields        | 3 |  3.3
Fighting       | |  4.8
Polearms       | |  2.7

Action                   |  1- 3 |  4- 6 || total
-------------------------+-------+-------++-------
Melee: Trident           |    96 |    56 ||   152
 Stab: Sleeping          |     2 |     1 ||     3
Armor: Robe              |    27 |    12 ||    39
Dodge: Dodged            |    40 |    21 ||    61
Block: Kite shield       |    31 |    14 ||    45

Table legend: (Time is in decaauts)
 A = Elapsed time spent in this place.
 B = Non-inter-level travel time spent in this place.
 C = Inter-level travel time spent in this place.
 D = Time resting spent in this place.
 E = Time spent auto-exploring this place.
 F = Levels seen in this place.
 G = Mean time per level.
                   A        B        C        D        E       F      G
               +--------+--------+--------+--------+--------+-----+--------+
         Total |   2797 |   2790 |      7 |      0 |   2454 |   2 | 1398.5 |
       Dungeon |   2797 |   2790 |      7 |      0 |   2454 |   2 | 1398.5 |
               +--------+--------+--------+--------+--------+-----+--------+

Top non-repeatable levels by time:
     D:2: 1945 daAuts
     D:1: 851 daAuts
